Map: Dusk Towers

Players

SebCMoi

  • Race: Protoss Protoss
  • League: Diamond

LilDicky - Winner!

  • Race: Terran Terran
  • League: Diamond

VOD

http://www.twitch.tv/tumescentpie

Description

Time

  • Played on: Dec. 12, 2015, 8:54 p.m.
  • Length: 3:49
Show
View Real Time Build Order
Export as new Build Order

SebCMoi Protoss 

Build Orders: Nexus First 

Get SALT Encoding   

  12  0:01  Probe (Chrono Boost)  
  13  0:11  Probe (Chrono Boost)  
  14  0:18  Pylon  
  14  0:22  Probe (Chrono Boost)  
  15  0:36  Probe (Chrono Boost)  
  16  0:47  Probe (Chrono Boost)  
  17  0:58  Probe (Chrono Boost)  
  17  1:04  Nexus  
  18  1:08  Probe (Chrono Boost)  
  19  1:15  Gateway  
  19  1:19  Assimilator  
  20  1:25  Probe (Chrono Boost)  
  20  1:28  Assimilator  
  20  1:36  Probe (Chrono Boost)  
  20  1:39  Pylon  
  21  1:47  Probe (Chrono Boost)  
  22  1:57  Probe (Chrono Boost)  
  23  2:06  Cybernetics Core  
  23  2:08  Probe (Chrono Boost)  
  24  2:18  Probe x2 (Chrono Boost)  
  26  2:29  Probe x2 (Chrono Boost)  
  28  2:34  Gateway  
  28  2:39  Probe x2 (Chrono Boost)  
  30  2:48  Stalker  
  30  2:50  Probe x2 (Chrono Boost)  
  34  3:00  Probe (Chrono Boost)  
  34  3:01  Mothership Core (Chrono Boost)  
  37  3:11  Probe (Chrono Boost)  
Show
View Real Time Build Order
Export as new Build Order

LilDicky Terran - Winner!

Build Orders:  

Get SALT Encoding   

  12  0:01  SCV  
  13  0:14  SCV  
  14  0:17  Supply Depot  
  14  0:26  SCV  
  15  0:33  Refinery  
  15  0:39  SCV  
  16  0:46  Barracks  
  16  0:51  SCV  
  17  1:03  SCV  
  18  1:15  SCV  
  20  1:35  Supply Depot, Marine  
  20  1:38  Orbital Command  
  20  1:42  Factory  
  20  1:56  Marine  
  21  2:04  SCV  
  21  2:05  Barracks  
  22  2:09  Barracks  
  22  2:16  Barracks Reactor, Refinery  
  22  2:22  SCV  
  23  2:34  SCV  
  24  2:38  Widow Mine  
  26  2:46  SCV  
  27  2:58  SCV  
  28  2:59  Barracks Tech Lab x2, Marine x2  
  28  3:02  Supply Depot  
Tags
 
Add a new tag
Caveats
  • Supply blocks, unpowered buildings, or Contaminate may cause inaccurate times.
  • Supply counts are checked every 10 seconds.